 Dungeon Crawl Stone Soup version 0.24.0-28-g17ded55e90 (webtiles) character file.

Game seed: 13840697281667232440, levelgen mode: deterministic

8576 Delamore the Severer (level 11, -8/86 HPs)
             Began as a Hill Orc Fighter on Nov 11, 2019.
             Was a High Priest of Okawaru.
             Mangled by a shadow wraith (17 damage)
             ... on level 12 of the Dungeon.
             The game lasted 00:16:17 (9607 turns).

Delamore the Severer (Hill Orc Fighter)             Turns: 9607, Time: 00:16:18

Health: -8/86      AC: 11    Str: 23    XL:     11   Next: 33%
Magic:  0/11       EV:  8    Int:  8    God:    Okawaru [*****.]
Gold:   725        SH: 15    Dex: 10    Spells: 10/10 levels left

rFire    + . .     SeeInvis .   w - +2 hand axe (elec)
rCold    . . .     Gourm    .   c - +0 shield
rNeg     . . .     Faith    .   p - +1 chain mail {rF+}
rPois    .         Spirit   +   (no helmet)
rElec    .         Reflect  +   a - scarf {Spirit}
rCorr    .         Harm     .   (no gloves)
MR       .....                  y - +0 pair of boots
Stlth    ..........             k - +6 amulet of reflection
HPRegen  0.24/turn              i - +3 ring of evasion
MPRegen  0.12/turn              (no ring)

@: slowed, very slow
A: no striking features
a: Heroism, Finesse, Renounce Religion, Convert to Beogh


You were on level 12 of the Dungeon.
You worshipped Okawaru.
Okawaru was extremely pleased with you.
You were not hungry.

You visited 2 branches of the dungeon, and saw 13 of its levels.

You collected 736 gold pieces.
You donated 11 gold pieces to Zin.

Inventory:

Hand Weapons
 w - a +2 hand axe of electrocution (weapon)
Missiles
 h - 7 silver boomerangs (quivered)
 F - 2 throwing nets
Armour
 a - a scarf of spirit shield (worn)
 c - a +0 shield (worn)
 p - a +1 chain mail of fire resistance (worn)
 y - a +0 pair of boots (worn)
Jewellery
 e - an uncursed amulet of guardian spirit
 i - a +3 ring of evasion (left hand)
 k - a +6 amulet of reflection (around neck)
 G - an uncursed amulet of rage
Wands
 b - a wand of random effects (30)
 t - a wand of clouds (5)
 u - a wand of polymorph (11)
 z - a wand of digging (3)
 A - a wand of flame (18)
 H - a wand of iceblast (8)
Scrolls
 j - 2 scrolls of identify
 l - 3 scrolls of magic mapping
 m - 3 scrolls of enchant armour {unknown}
 n - a scroll of blinking {unknown}
 q - 4 scrolls of remove curse {unknown}
 s - 2 scrolls of fear {unknown}
 v - 3 scrolls of teleportation
 E - 2 scrolls of enchant weapon {unknown}
 I - a scroll of brand weapon
Potions
 d - 2 potions of might
 g - 3 potions of lignification
 o - 6 potions of curing {unknown}
 r - a potion of ambrosia {unknown}
 C - a potion of invisibility {unknown}
 D - 2 potions of haste {unknown}
 J - a potion of degeneration {unknown}
Comestibles
 f - 25 rations
 x - a chunk of flesh


   Skills:
 + Level 5.0 Fighting
 + Level 20.0 Axes
 - Level 3.2 Armour
 - Level 3.2 Shields


You had 10 spell levels left.
You didn't know any spells.
Your spell library contained the following spells:

 Spells                   Type           Power        Failure   Level  Hunger
 Corona                   Hex            #......      100%        1    ##.....
 Freeze                   Ice            #...         100%        1    ##.....
 Ensorcelled Hibernation  Hex/Ice        #.....       100%        2    ###....
 Poisonous Vapours        Pois/Air       #.....       100%        2    ###....
 Slow                     Hex            #.......     100%        2    ###....
 Throw Frost              Conj/Ice       #.....       100%        2    ###....
 Confuse                  Hex            #.......     100%        3    ####...
 Conjure Flame            Conj/Fire      #.......     100%        3    ####...
 Dazzling Spray           Conj/Hex       #.....       100%        3    ####...
 Inner Flame              Hex/Fire       #.......     100%        3    ####...
 Mephitic Cloud           Conj/Pois/Air  #.......     100%        3    ####...
 Ozocubu's Armour         Chrm/Ice       #.......     100%        3    ####...
 Portal Projectile        Hex/Tloc       #.....       100%        3    ####...
 Static Discharge         Conj/Air       #.......     100%        3    ####...
 Tukima's Dance           Hex            #.......     100%        3    ####...
 Cause Fear               Hex            #.........   100%        4    #####..
 Leda's Liquefaction      Hex/Erth       #.........   100%        4    #####..
 Summon Ice Beast         Ice/Summ       #.......     100%        4    #####..
 Throw Icicle             Conj/Ice       #.......     100%        4    #####..
 Lightning Bolt           Conj/Air       #.........   100%        5    ######.
 Freezing Cloud           Conj/Ice/Air   #.........   100%        6    #######
 Ring of Flames           Chrm/Fire      #.........   100%        7    #######
 Ignition                 Fire           #.........   100%        8    #######
 Shatter                  Erth           #.........   100%        9    #######
 Tornado                  Air            #.........   100%        9    #######


Dungeon Overview and Level Annotations

Branches:
Dungeon (12/15)            Temple (1/1) D:4            Lair (0/6) D:8
    Orc (0/2) D:9

Altars:
Ashenzari
Cheibriados
Dithmenos
Elyvilon
Fedhas
Gozag
Hepliaklqana
Kikubaaqudgha
Makhleb
Nemelex Xobeh
Okawaru
Qazlal
Ru
Sif Muna
Trog
Uskayaw
Vehumet
Wu Jian
Xom
Yredelemnul
Zin
The Shining One

Shops:
D:8 *


Message History

You closely miss something. You block something's attack.
The orc priest miscasts a cantrip.
You hit something. Something hits you! Something drains your vigour!
You feel as though you will be slow longer.
The orc priest invokes the aid of Beogh against you.
Beogh smites you!
You are too injured to fight recklessly!
You are too injured to fight recklessly!
You are too injured to fight recklessly!
You are too injured to fight recklessly!
You completely miss something. Something hits you!!
The orc wizard gestures at you while chanting.
The magic dart hits something.
You block something's attack.
You hit something. Something hits you!!
* * * LOW HITPOINT WARNING * * *
Something drains your vigour!
You feel as though you will be slow longer.
Your shield and chain mail prevent you from hitting something.
Something hits you!!
You die...

#.##.# #.#
#####+##.# #.#
#....)...#
#........#
#.#........#
#(.........#####
#...<.........+
#.####'########
# #@# #{#


#ooo.s# #oooo.# #.....# ..)..... #.(.....## #.......# #.#.....# You could see an
orc priest, an orc wizard and 5 orcs.

Vanquished Creatures
  The ghost of lis82 the Firebug, a novice DgFE (D:8)
  2 centaur zombies
  Joseph (D:8)
  A centaur skeleton (D:10)
  A merfolk (D:9)
  A hornet (D:10)
  A troll (D:9)
  4 hippogriffs
  6 yaks (D:10)
  A vampire mosquito (D:11)
  2 hungry ghosts
  4 orc warriors
  A sky beast (D:12)
  3 phantoms
  3 ogres
  3 centaurs
  A crocodile (D:12)
  10 big kobolds
  3 bullfrogs (D:9)
  4 wyvern skeletons
  2 scorpions
  3 howler monkeys
  3 crimson imps
  A quasit (D:11)
  A bullfrog zombie (D:10)
  4 hounds
  5 jellies
  9 orc priests
  Crazy Yiuf (D:6)
  Ijyb (D:5)
  2 iguanas
  10 orc wizards
  2 worker ants (D:8)
  A hound zombie (D:8)
  2 worker ant zombies (D:6)
  3 gnolls (D:2)
  18 adders
  An adder zombie (D:5)
  3 adder skeletons
  3 worms
  2 leopard geckos
  40 orcs
  A ball python (D:5)
  11 bats
  10 giant cockroaches
  10 goblins
  7 hobgoblins
  8 jackals
  18 kobolds
  3 quokkas
  6 frilled lizards
  A leopard gecko skeleton (D:4)
  A leopard gecko zombie (D:7)
  3 quokka skeletons
  6 rats
255 creatures vanquished.

Vanquished Creatures (others)
  A centaur (D:7)
  2 orc wizards
  A fungus (D:8)
  3 plants (D:8)
7 creatures vanquished.

Grand Total: 262 creatures vanquished

Notes
Turn   | Place    | Note
-------+----------+-------------------------------------------
     0 | D:1      | Delamore the Hill Orc Fighter began the quest for the Orb.
     0 | D:1      | Reached XP level 1. HP: 19/19 MP: 1/1
    93 | D:1      | Reached skill level 3 in Axes
   239 | D:1      | Reached XP level 2. HP: 23/26 MP: 2/2
   647 | D:2      | Reached skill level 4 in Axes
   713 | D:2      | Reached XP level 3. HP: 20/31 MP: 3/3
   729 | D:2      | Reached skill level 5 in Axes
  1031 | D:2      | Reached XP level 4. HP: 36/39 MP: 4/4
  1077 | D:2      | Found a faded altar of an unknown god.
  1090 | D:2      | Became a worshipper of Zin the Law-Giver
  1090 | D:2      | Reached * piety under Zin
  1180 | D:2      | Reached skill level 6 in Axes
  1636 | D:2      | Reached XP level 5. HP: 45/45 MP: 5/5
  1968 | D:3      | Reached skill level 7 in Axes
  1998 | D:3      | Reached ** piety under Zin
  2003 | D:3      | Found a sparkling altar of Nemelex Xobeh.
  2420 | D:4      | Reached skill level 8 in Axes
  2420 | D:4      | Reached XP level 6. HP: 18/51 MP: 6/6
  2821 | D:4      | Noticed a phantom
  2864 | D:4      | Killed a phantom
  2864 | D:4      | Reached skill level 9 in Axes
  2926 | D:4      | Reached XP level 7. HP: 57/57 MP: 7/7
  3159 | D:4      | Found a staircase to the Ecumenical Temple.
  3178 | Temple   | Entered the Ecumenical Temple
  3523 | D:5      | Entered Level 5 of the Dungeon
  3565 | Temple   | Fell from the grace of Zin
  3565 | Temple   | Became a worshipper of Warmaster Okawaru
  3608 | D:5      | Noticed Ijyb
  3610 | D:5      | Found a hazy altar of Hepliaklqana.
  3625 | D:5      | Reached skill level 10 in Axes
  3632 | D:5      | Killed Ijyb
  4320 | D:5      | Reached * piety under Okawaru
  4320 | D:5      | Reached skill level 11 in Axes
  4505 | D:6      | Reached XP level 8. HP: 55/64 MP: 8/8
  4716 | D:6      | Reached skill level 12 in Axes
  5022 | D:6      | Found a runed translucent door.
  5023 | D:6      | Noticed Crazy Yiuf
  5208 | D:6      | Found a radiant altar of Vehumet.
  5312 | D:6      | Killed Crazy Yiuf
  5447 | D:7      | Reached skill level 13 in Axes
  5481 | D:7      | Reached ** piety under Okawaru
  5521 | D:7      | Found a shattered altar of Ashenzari.
  5831 | D:7      | Reached skill level 14 in Axes
  5831 | D:7      | Reached XP level 9. HP: 65/70 MP: 9/9
  6224 | D:8      | Found Deghes's Mass Market.
  6235 | D:8      | Noticed Joseph
  6247 | D:8      | Killed Joseph
  6295 | D:8      | Found a white marble altar of Elyvilon.
  6394 | D:8      | Reached skill level 15 in Axes
  6528 | D:8      | Found a stormy altar of Qazlal.
  6544 | D:8      | Found a runed translucent gate.
  6545 | D:8      | Found a runed translucent gate.
  6547 | D:8      | Found a runed translucent gate.
  6548 | D:8      | Noticed lis82's ghost (novice DgFE)
  6682 | D:8      | Found a staircase to the Lair.
  7057 | D:8      | Killed lis82's ghost
  7057 | D:8      | Reached *** piety under Okawaru
  7057 | D:8      | Reached skill level 16 in Axes
  7342 | D:9      | Reached XP level 10. HP: 70/77 MP: 10/10
  7396 | D:9      | Reached skill level 17 in Axes
  7539 | D:9      | Found a staircase to the Orcish Mines.
  7793 | D:9      | Reached **** piety under Okawaru
  8046 | D:10     | Entered Level 10 of the Dungeon
  8060 | D:10     | Reached skill level 18 in Axes
  8154 | D:10     | Received a gift from Okawaru
  8210 | D:10     | Reached ***** piety under Okawaru
  8210 | D:10     | Reached skill level 19 in Axes
  8280 | D:10     | Paralysed by a hornet for 3 turns
  8290 | D:10     | Reached XP level 11. HP: 74/82 MP: 8/11
  9554 | D:12     | Reached skill level 20 in Axes
  9596 | D:12     | Reached skill level 5 in Fighting
  9607 | D:12     | Mangled by a shadow wraith

Levels and vault maps discovered:
D:1:      evilmike_arrival_home_sweet_home, layout_basic
D:2:      layout_loops_ring, chequers_ecumenical_altar_simple_redux,
          first_ration, minmay_pentomino_pile
D:3:      layout_basic, nicolae_overflow_crystal_walls, serial_corexii_hall,
          chequers_hall_statues_corner_a, corexii_hall_statues_t,
          ebering_dispersal_statue_hall
D:4:      layout_loops_cross, minmay_temple_entry_overgrown
D:5:      layout_basic, overflow_temple_1_default, uniq_ijyb
D:6:      layout_loops_ring, lemuel_coloured_pillars_altar,
          uniq_crazy_yiuf_cottage
D:7:      layout_cave_pods, ashenzari_altar_1
D:8:      layout_loops_corners, marbit_many_paths, grunt_qazlal_sundering,
          lair_entry_dummy, gammafunk_ghost_nasty_kobolds, minmay_shop_mass,
          uniq_joseph
D:9:      layout_rooms, hiddenorc2_lemuel, hangedman_fish_farm
D:10:     layout_rooms
D:11:     layout_basic, minmay_microvault
D:12:     layout_basic, minivault_20
Temple:   eino_temple_scatter_basement

Skill      XL: |  1  2  3  4  5  6  7  8  9 10 11 |
---------------+----------------------------------+-----
Axes           | 3 4 5 6 8 9 11 14 16 19 20 | 20.0
Fighting       | 5 |  5.0
Armour         | |  3.2
Shields        | |  3.2

Action                   |  1- 3 |  4- 6 |  7- 9 | 10-12 || total
-------------------------+-------+-------+-------+-------++-------
Melee: War axe           |   137 |   189 |   201 |       ||   527
       Hand axe          |       |       |   153 |   357 ||   510
  Use: Scroll            |     1 |       |       |     4 ||     5
       Potion            |       |       |     1 |       ||     1
  Eat: Chunk             |     1 |     5 |    10 |     9 ||    25
       Ration            |       |       |     1 |     1 ||     2
Armor: Scale mail        |    61 |     8 |       |       ||    69
       Chain mail        |       |    52 |    84 |    72 ||   208
       Skin              |       |       |     4 |       ||     4
Dodge: Dodged            |    42 |    51 |    43 |    55 ||   191
Block: Shield            |   128 |   147 |   202 |   177 ||   654
       Reflection        |       |     4 |     7 |    15 ||    26
